 Dungeon Crawl Stone Soup version 0.28.0-53-g5a82cb258f (webtiles) character file.

Game seed: 17061493627931331491

7 Sin92 the Magician (level 1, 0/13 HPs)
             Began as a Demonspawn Hedge Wizard on July 26, 2022.
             Slain by a jackal (3 damage)
             ... on level 1 of the Dungeon.
             The game lasted 00:01:09 (686 turns).

Sin92 the Magician (Demonspawn Hedge Wizard)         Turns: 686, Time: 00:01:10

Health: 0/13       AC:  2    Str: 10    XL:     1   Next: 83%
Magic:  1/4        EV: 12    Int: 15    God:
Gold:   15         SH:  0    Dex: 12    Spells: 5/6 levels left

rFire   . . .      SeeInvis .   a - +0 dagger
rCold   . . .      Faith    .   (no shield)
rNeg    . . .      Spirit   .   b - +0 robe
rPois   .          Reflect  .   c - +0 hat
rElec   .          Harm     .   (no cloak)
rCorr   .          Rampage  .   (no gloves)
Will    .....                   (no boots)
Stlth   ++........              (no amulet)
HPRegen 0.04/turn               (no ring)
MPRegen 0.09/turn               (no ring)

@: no status effects
A: no striking features
a: no special abilities


You were on level 1 of the Dungeon.
You visited 1 branch of the dungeon, and saw 1 of its levels.

You collected 15 gold pieces.

Inventory:

Hand Weapons
 a - a +0 dagger (weapon)
Armour
 b - a +0 robe (worn)
 c - a +0 hat (worn)


   Skills:
 + Level 0.2 Fighting
 * Level 0.4 Short Blades
 + Level 0.1 Armour
 + Level 1.8 Dodging
 + Level 1.8 Stealth
 + Level 3.0 Spellcasting
 + Level 1.1 Conjurations
 - Level 1.0 Summonings
 + Level 1.0 Translocations


You had 5 spell levels left.
You knew the following spells:

 Your Spells              Type           Power      Damage    Failure   Level
a - Magic Dart            Conj           20%        1d4       13%         1

Your spell library contained the following spells:

 Spells                   Type           Power      Damage    Failure   Level
 Slow                     Hex            8%         N/A       21%         1
 Blink                    Tloc           10%        N/A       21%         2
 Call Imp                 Summ           5%         N/A       21%         2
 Conjure Flame            Conj/Fire      3%         6-21      43%         3
 Mephitic Cloud           Conj/Pois/Air  3%         N/A       45%         3


Dungeon Overview and Level Annotations

Branches:
Dungeon (1/15)

Altars:

Shops:
D:1 ?[


Message History

You are too depleted to draw on your mana recklessly!
You are too depleted to draw on your mana recklessly!
You are too depleted to draw on your mana recklessly!
You are too depleted to draw on your mana recklessly!
You are too depleted to draw on your mana recklessly!
You are too depleted to draw on your mana recklessly!
You closely miss the jackal. The jackal misses you.
You hit the jackal.
The jackal is heavily wounded.
A jackal comes into view.
The jackal bites you but does no damage.
The jackal bites you.
The jackal barks!
You hit the jackal.
You kill the jackal!
The jackal barely misses you. x2
Your magical contamination has completely faded away.
You see here a scroll labelled LADGHA RYENG.
You barely miss the jackal. The jackal bites you.
You hit the jackal.
The jackal is moderately wounded.
The jackal bites you.
You hit the jackal.
The jackal is heavily wounded.
The jackal bites you. x2
You barely miss the jackal.
The jackal is heavily wounded.
The jackal barely misses you.
You hit the jackal but do no damage.
The jackal is heavily wounded.
The jackal bites you.
* * * LOW HITPOINT WARNING * * *
The jackal closely misses you.
You hit the jackal but do no damage.
The jackal is heavily wounded.
The jackal bites you but does no damage.
You hit the jackal but do no damage.
The jackal is heavily wounded.
The jackal bites you.
You die...

#........∩...
.###...#.#.. #..##.#.#
### #.....#.# .... #..
##.#..#.. #... #.#
###.####.. #.... #.#
#......... #.!.. #h#
#.#.####.# ......#@# #
#.#...##.. ......#.##.##
#......### ............#
#......##.
......#.#####.#......##.
......#.# .........#.
##### #.#######.###.#.#.
#####......>..# #.#.#.
..>........###### #.#.#.
##########.########.#.#.


You could see a jackal.

Vanquished Creatures
  2 hobgoblins (D:1)
  2 jackals (D:1)
  A frilled lizard (D:1)
  A kobold (D:1)
6 creatures vanquished.

Notes
Turn   | Place    | Note
-------+----------+-------------------------------------------
     0 | D:1      | Sin92 the Demonspawn Hedge Wizard began the quest for the
                  | Orb.
     0 | D:1      | Reached XP level 1. HP: 13/13 MP: 4/4
   393 | D:1      | Found Ruunet's Magic Scroll Shoppe.
   406 | D:1      | Found Tazoqapa's Armour Shoppe.
   673 | D:1      | Reached skill level 1 in Translocations
   686 | D:1      | Slain by a jackal

Illustrated notes

Levels and vault maps discovered:
D:1:      pf_arrival_petrified_forest, layout_basic, serial_shops, shop,
          nicolae_shop_crystal, shop, nicolae_shop_window_shopping,
          nicolae_shop_crystal, minmay_3d_cube

Skill      XL: |  1 |
---------------+----+-----
Translocations | 1 |  1.0
Fighting       | |  0.2
Short Blades   | |  0.4
Armour         | |  0.1
Dodging        | |  1.8
Stealth        | |  1.8
Spellcasting   | |  3.0
Conjurations   | |  1.1
Summonings     | |  1.0

Action                   || total
-------------------------++-------
Melee: Dagger            ||    38
 Cast: Magic Dart        ||    15
Armor: Robe              ||     4
Dodge: Dodged            ||    24
